 Dungeon Crawl Stone Soup version 0.31-a0-175-g9f7f995f2b (webtiles) character file.

Game seed: 940990460686325179

3058 qw the Skirmisher (level 9, -2/86 HPs)
             Began as a Naga Hunter on June 17, 2023.
             Was a Follower of Okawaru.
             Slain by a killer bee (3 damage)
             ... on level 7 of the Dungeon.
             The game lasted 00:02:34 (7299 turns).

qw the Skirmisher (Naga Hunter)                     Turns: 7299, Time: 00:02:35

Health: -2/86      AC: 11    Str: 14    XL:     9   Next: 87%
Magic:  7/9        EV: 11    Int: 13    God:    Okawaru [*.....]
Gold:   336        SH:  0    Dex: 18    Spells: 8/8 levels left

rFire   . . .        Y - +2 shortbow
rCold   . . .        (shield currently unavailable)
rNeg    . . .        c - +0 leather armour
rPois   +            (no helmet)
rElec   .            e - +0 cloak
rCorr   .            b - +0 pair of gloves
SInv    +            (no barding)
Will    +....        (no amulet)
Stlth   ++           h - ring of Fanaticism {AC+4 Int+3}
HPRegen 0.34/turn    (no ring)
MPRegen 0.11/turn

%: no passive effects
@: lethally poisoned (-2 -> -4), short of breath, very slow
A: AC +3, large, see invisible, deformed body, poison resistance, slowness 2,
spit poison 1, naga tail 1
a: Spit Poison, Renounce Religion, Heroism


You were on level 7 of the Dungeon.
You worshipped Okawaru.
Okawaru was aware of your devotion.
You visited 2 branches of the dungeon, and saw 9 of its levels.

You collected 336 gold pieces.


Innate Abilities, Weirdness & Mutations

Your serpentine skin is tough. (AC +3)
You have supernaturally acute eyesight. (SInv)
Armour fits poorly on your strangely shaped body.
Your system is resistant to poisons. (rPois)
You cover ground very slowly.
You can spit poison.
You have a snake-like lower body.


   Skills:
 - Level 7.0 Fighting
 + Level 10.4 Ranged Weapons
 - Level 2.2 Armour
 - Level 3.2 Dodging
 - Level 1.5 Stealth
 + Level 0.7 Invocations


You had 8 spell levels left.
You didn't know any spells.
Your spell library was empty.

Inventory:

Hand Weapons
 j - a +3 antimagic arbalest
 Y - a +2 shortbow (weapon)
Armour
 b - a +0 pair of gloves (worn)
 c - a +0 leather armour (worn)
 e - a +0 cloak (worn)
Jewellery
 h - the ring of Fanaticism (left hand) {AC+4 Int+3}
   (You found it on level 5 of the Dungeon)

   [ring of protection]

   AC:        It affects your AC (+4).
   Int:       It affects your intelligence (+3).
 i - a ring of fire
Scrolls
 f - 3 scrolls of identify
Potions
 d - 5 potions of curing
 g - a potion of haste

Dungeon Overview and Level Annotations

Branches:
Dungeon (8/15)             Temple (1/1) D:6
   Lair: D:8-11

Altars:
Ashenzari
Cheibriados
Dithmenos
Fedhas
Gozag
Hepliaklqana
Kikubaaqudgha
Makhleb
Nemelex Xobeh
Okawaru
Qazlal
Ru
Sif Muna
Trog
Uskayaw
Vehumet
Zin
The Shining One

Shops:
D:5 :


Message History

The killer bee completely misses you.
7292 ||| INVOKING Spit Poison.
Aiming: Spit Poison (1% risk of failure)
Press: ? - help, Shift-Dir - straight line, f - killer bee The splash of poison misses the killer bee.
You are engulfed in a cloud of scalding steam.
The killer bee closely misses you.
The killer bee stings you but does no damage. x2
The killer bee barely misses you.
You shoot an arrow. The arrow barely misses the killer bee.
You are engulfed in a cloud of scalding steam.
The killer bee stings you.
You are poisoned.
The killer bee poisons you!
The killer bee stings you but does no damage.
You shoot an arrow. The arrow hits the killer bee.
The killer bee is lightly wounded.
You are engulfed in a cloud of scalding steam.
You feel sick.
The killer bee stings you. x2; The killer bee barely misses you.
The killer bee stings you!
You shoot an arrow. The arrow misses the killer bee.
You are engulfed in a cloud of scalding steam.
You feel sick. The killer bee stings you. x2
You shoot an arrow. The arrow hits the killer bee!
The killer bee is almost dead.
You feel sick. The killer bee closely misses you.
The killer bee stings you but does no damage.
The killer bee closely misses you.
The killer bee stings you but does no damage.
You shoot an arrow. The arrow hits the killer bee.
You kill the killer bee!
Okawaru accepts your kill. The killer bee misses you.
You shoot an arrow. The arrow barely misses the killer bee.
You feel sick. The killer bee barely misses you.
The killer bee closely misses you.
You shoot an arrow. The arrow misses the killer bee.
You feel like a meek peon again.
You feel sick. The killer bee stings you.
You die...

#.......................### #...
#...............###.......####..
##.......####....#
#.........##.. #....#....#
#....# #.............
#...###...####..##
##.#####...... ...## ##...# #..#
#.# ##..... ..## #...###..# #.#
###... .## ##...##.y## ##.##
#..# ## ##...#..@###...# ##..#
.## ##......##....######..##
..### #......#....).))......#
....## ##.<...........).......
#....### #..........######.....
###....#####...).....## ##....
####.....)..)[....## #...# #
#.........##).## ##..# #
#..#####..##..# #..#


You could see a killer bee.

Vanquished Creatures
  Sigmund (D:6)
  A steam dragon (D:7)
  Duvessa (D:6)
  A water moccasin (D:5)
  An orc warrior (D:7)
  2 sky beasts (D:7)
  2 black bears (D:6)
  3 centaurs
  2 ogres
  3 phantoms
  A gnoll sergeant (D:7)
  A scorpion (D:3)
  4 wights (D:7)
  Dowan (D:6)
  5 killer bees
  A howler monkey (D:5)
  4 hounds
  A gnoll bouda (D:6)
  6 orc priests
  4 iguanas
  6 orc wizards
  8 gnolls
  6 adders
  3 white imps
  An ufetubus (D:6)
  4 worms
  A dart slug (D:5)
  15 orcs
  8 ball pythons
  8 bats
  5 endoplasms
  3 giant cockroaches
  9 goblins
  7 hobgoblins
  3 jackals (D:4)
  5 quokkas
  3 frilled lizards (D:2)
  5 kobolds
  3 rats
148 creatures vanquished.

Notes
Turn   | Place    | Note
-------+----------+-------------------------------------------
     0 | D:1      | qw the Naga Hunter began the quest for the Orb.
     0 | D:1      | Reached XP level 1. HP: 19/19 MP: 1/1
     0 | D:1      | 0 ||| qw: Version: 0.3-a-2-g5ab2908
     0 | D:1      | 0 ||| qw: Game counter: 197
     0 | D:1      | 0 ||| qw: Always use a shield: true
     0 | D:1      | 0 ||| qw: God list: Okawaru
     0 | D:1      | 0 ||| qw: Allow faded altars: false
     0 | D:1      | 0 ||| qw: Do Orc after D:15 true
     0 | D:1      | 0 ||| qw: Do second Lair branch before Depths: true
     0 | D:1      | 0 ||| qw: Lair rune preference: random
     0 | D:1      | 0 ||| qw: Plans: Normal
     0 | D:1      | 0 ||| PLANNING D:1-11
    28 | D:1      | 28 ||| INVOKING Spit Poison.
    52 | D:1      | 52 ||| INVOKING Spit Poison.
    71 | D:1      | 71 ||| INVOKING Spit Poison.
    83 | D:1      | 83 ||| INVOKING Spit Poison.
    84 | D:1      | Reached skill level 4 in Ranged Weapons
    84 | D:1      | Reached XP level 2. HP: 26/26 MP: 2/2
   102 | D:1      | 102 ||| INVOKING Spit Poison.
   117 | D:1      | 117 ||| INVOKING Spit Poison.
   125 | D:1      | 125 ||| INVOKING Spit Poison.
   157 | D:1      | 157 ||| INVOKING Spit Poison.
   160 | D:1      | 160 ||| INVOKING Spit Poison.
   210 | D:1      | 210 ||| INVOKING Spit Poison.
   277 | D:1      | 277 ||| INVOKING Spit Poison.
   447 | D:1      | 447 ||| INVOKING Spit Poison.
   507 | D:1      | 507 ||| INVOKING Spit Poison.
   543 | D:1      | Found a faded altar of an unknown god.
   546 | D:1      | 546 ||| INVOKING Spit Poison.
   559 | D:1      | 559 ||| READING 2 scrolls labelled OMOEPN MOSHYNN.
   560 | D:1      | 560 ||| READING scroll labelled XYTYIRCHI IQOVU.
   561 | D:1      | 561 ||| READING scroll labelled VOILUR NIESIDD.
   562 | D:1      | 562 ||| READING scroll labelled HUOD ZANAROMUN.
   563 | D:1      | 563 ||| DROPPING scroll of revelation.
   564 | D:1      | 564 ||| DROPPING scroll of butterflies.
   587 | D:2      | 587 ||| INVOKING Spit Poison.
   592 | D:2      | Reached XP level 3. HP: 32/32 MP: 3/3
   596 | D:2      | 596 ||| INVOKING Spit Poison.
   691 | D:2      | 691 ||| INVOKING Spit Poison.
   722 | D:2      | 722 ||| INVOKING Spit Poison.
   739 | D:2      | 739 ||| INVOKING Spit Poison.
   763 | D:2      | 763 ||| INVOKING Spit Poison.
   781 | D:2      | 781 ||| INVOKING Spit Poison.
   896 | D:2      | 896 ||| INVOKING Spit Poison.
   954 | D:2      | 954 ||| INVOKING Spit Poison.
   957 | D:2      | 957 ||| INVOKING Spit Poison.
   958 | D:2      | 958 ||| INVOKING Spit Poison.
   963 | D:2      | 963 ||| INVOKING Spit Poison.
  1052 | D:2      | 1052 ||| INVOKING Spit Poison.
  1104 | D:2      | 1104 ||| INVOKING Spit Poison.
  1226 | D:2      | 1226 ||| INVOKING Spit Poison.
  1234 | D:2      | 1234 ||| INVOKING Spit Poison.
  1282 | D:2      | 1282 ||| INVOKING Spit Poison.
  1340 | D:2      | 1340 ||| INVOKING Spit Poison.
  1346 | D:2      | 1346 ||| INVOKING Spit Poison.
  1349 | D:2      | Reached skill level 5 in Ranged Weapons
  1349 | D:2      | Reached XP level 4. HP: 38/39 MP: 4/4
  1352 | D:2      | 1352 ||| INVOKING Spit Poison.
  1355 | D:2      | 1355 ||| INVOKING Spit Poison.
  1388 | D:2      | 1388 ||| INVOKING Spit Poison.
  1394 | D:2      | 1394 ||| INVOKING Spit Poison.
  1398 | D:2      | 1398 ||| INVOKING Spit Poison.
  1444 | D:2      | 1444 ||| INVOKING Spit Poison.
  1447 | D:2      | 1447 ||| INVOKING Spit Poison.
  1508 | D:2      | 1508 ||| UPGRADING to +0 pair of gloves.
  1513 | D:2      | 1513 ||| READING scroll labelled MAMNEYL QESALL.
  1514 | D:2      | 1514 ||| READING scroll labelled COETOSCHYEP.
  1615 | D:2      | 1615 ||| READING scroll labelled ANNOSM MAYHIGI.
  1616 | D:2      | 1616 ||| DRINKING 4 lumpy inky potions.
  1655 | D:3      | 1655 ||| INVOKING Spit Poison.
  1667 | D:3      | 1667 ||| INVOKING Spit Poison.
  1727 | D:3      | 1727 ||| READING scroll of enchant weapon.
  1727 | D:3      | 1727 ||| ENCHANTING +1 shortbow.
  1784 | D:3      | 1784 ||| INVOKING Spit Poison.
  1787 | D:3      | 1787 ||| INVOKING Spit Poison.
  1806 | D:3      | 1806 ||| INVOKING Spit Poison.
  1808 | D:3      | Reached skill level 3 in Fighting
  1809 | D:3      | 1809 ||| INVOKING Spit Poison.
  1816 | D:3      | 1816 ||| INVOKING Spit Poison.
  1821 | D:3      | 1821 ||| INVOKING Spit Poison.
  1824 | D:3      | 1824 ||| INVOKING Spit Poison.
  1828 | D:3      | Reached XP level 5. HP: 30/49 MP: 5/5
  1942 | D:3      | 1942 ||| INVOKING Spit Poison.
  1946 | D:3      | 1946 ||| INVOKING Spit Poison.
  2024 | D:3      | 2024 ||| Stepping ~*~*~tactically~*~*~ (outnumbered).
  2026 | D:3      | 2026 ||| Stepping ~*~*~tactically~*~*~ (outnumbered).
  2027 | D:3      | 2027 ||| INVOKING Spit Poison.
  2030 | D:3      | 2030 ||| DRINKING 3 potions of curing.
  2030 | D:3      | 2030 ||| (to cure confusion)
  2031 | D:3      | 2031 ||| INVOKING Spit Poison.
  2035 | D:3      | Reached XP level 6. HP: 54/56 MP: 6/6
  2035 | D:3      | 2035 ||| INVOKING Spit Poison.
  2133 | D:3      | 2133 ||| INVOKING Spit Poison.
  2134 | D:3      | Reached skill level 6 in Ranged Weapons
  2297 | D:3      | 2297 ||| INVOKING Spit Poison.
  2299 | D:3      | 2299 ||| READING scroll labelled CENICZ AKLISOF.
  2380 | D:4      | 2380 ||| INVOKING Spit Poison.
  2384 | D:4      | 2384 ||| INVOKING Spit Poison.
  2387 | D:4      | 2387 ||| INVOKING Spit Poison.
  2414 | D:4      | 2414 ||| INVOKING Spit Poison.
  2419 | D:4      | 2419 ||| INVOKING Spit Poison.
  2475 | D:4      | 2475 ||| INVOKING Spit Poison.
  2490 | D:4      | 2490 ||| INVOKING Spit Poison.
  2493 | D:4      | 2493 ||| INVOKING Spit Poison.
  2494 | D:4      | 2494 ||| Stepping ~*~*~tactically~*~*~ (outnumbered).
  2497 | D:4      | 2497 ||| INVOKING Spit Poison.
  2502 | D:4      | 2502 ||| INVOKING Spit Poison.
  2506 | D:4      | 2506 ||| INVOKING Spit Poison.
  2510 | D:4      | 2510 ||| INVOKING Spit Poison.
  2631 | D:4      | 2631 ||| INVOKING Spit Poison.
  2641 | D:4      | Found an ancient bone altar of Kikubaaqudgha.
  2672 | D:4      | 2672 ||| INVOKING Spit Poison.
  2686 | D:4      | 2686 ||| INVOKING Spit Poison.
  2709 | D:4      | 2709 ||| INVOKING Spit Poison.
  2781 | D:4      | 2781 ||| INVOKING Spit Poison.
  3031 | D:4      | 3031 ||| READING scroll labelled RIHARGH KEEKKABB.
  3041 | D:5      | Entered Level 5 of the Dungeon
  3067 | D:5      | 3067 ||| INVOKING Spit Poison.
  3102 | D:5      | Reached XP level 7. HP: 52/64 MP: 7/7
  3157 | D:5      | 3157 ||| INVOKING Spit Poison.
  3160 | D:5      | 3160 ||| INVOKING Spit Poison.
  3225 | D:5      | 3225 ||| INVOKING Spit Poison.
  3228 | D:5      | Reached skill level 7 in Ranged Weapons
  3262 | D:5      | Found Kouhyahu's Book Shoppe.
  3266 | D:5      | 3266 ||| INVOKING Spit Poison.
  3303 | D:5      | Identified the ring of Fanaticism {AC+4 Int+3}
  3739 | D:5      | 3739 ||| INVOKING Spit Poison.
  3768 | D:5      | 3768 ||| INVOKING Spit Poison.
  3970 | D:5      | 3970 ||| UPGRADING to +0 cloak.
  3975 | D:5      | 3975 ||| UPGRADING to ring of Fanaticism {AC+4 Int+3}.
  3976 | D:5      | 3976 ||| READING scroll labelled YLASME VUUVEOV.
  3981 | D:5      | 3981 ||| READING scroll labelled LYCHARAJOF.
  3982 | D:5      | 3982 ||| READING 2 scrolls of identify.
  3982 | D:5      | 3982 ||| IDENTIFYING orange potion
  4024 | D:6      | Noticed Sigmund
  4028 | D:6      | 4028 ||| INVOKING Spit Poison.
  4031 | D:6      | 4031 ||| INVOKING Spit Poison.
  4031 | D:6      | Killed Sigmund
  4032 | D:6      | Reached XP level 8. HP: 72/72 MP: 8/8
  4035 | D:6      | 4035 ||| INVOKING Spit Poison.
  4054 | D:6      | Reached skill level 8 in Ranged Weapons
  4113 | D:6      | 4113 ||| INVOKING Spit Poison.
  4119 | D:6      | 4119 ||| INVOKING Spit Poison.
  4232 | D:6      | 4232 ||| INVOKING Spit Poison.
  4307 | D:6      | Noticed Dowan
  4308 | D:6      | Noticed Duvessa
  4309 | D:6      | 4309 ||| INVOKING Spit Poison.
  4315 | D:6      | 4315 ||| INVOKING Spit Poison.
  4319 | D:6      | 4319 ||| INVOKING Spit Poison.
  4322 | D:6      | Killed Duvessa
  4325 | D:6      | 4325 ||| INVOKING Spit Poison.
  4326 | D:6      | HP: 11/74 [Dowan/shard of ice (13)]
  4327 | D:6      | 4327 ||| READING scroll of teleportation.
  4328 | D:6      | 4328 ||| DRINKING potion of heal wounds.
  4329 | D:6      | 4329 ||| INVOKING Spit Poison.
  4330 | D:6      | Killed Dowan
  4336 | D:6      | 4336 ||| INVOKING Spit Poison.
  4482 | D:6      | Found a staircase to the Ecumenical Temple.
  4483 | D:6      | 4483 ||| PLANNING TEMPLE
  4483 | D:6      | 4483 ||| READING scroll labelled TAYTICZEE.
  4484 | D:6      | 4484 ||| READING 2 scrolls of identify.
  4484 | D:6      | 4484 ||| IDENTIFYING brown potion
  4493 | Temple   | Entered the Ecumenical Temple
  4540 | Temple   | 4540 ||| PLANNING OKAWARU WORSHIP
  4684 | Temple   | Became a worshipper of Warmaster Okawaru
  4685 | Temple   | 4685 ||| PLANNING D:1-11
  4894 | D:6      | Found a stormy altar of Qazlal.
  4894 | D:6      | Noticed an air elemental
  4898 | D:6      | Noticed a water elemental
  4943 | D:6      | 4943 ||| INVOKING Spit Poison.
  5028 | D:6      | 5028 ||| INVOKING Spit Poison.
  5031 | D:6      | 5031 ||| INVOKING Spit Poison.
  5114 | D:6      | 5114 ||| INVOKING Spit Poison.
  5117 | D:6      | 5117 ||| Stepping ~*~*~tactically~*~*~ (outnumbered).
  5120 | D:6      | 5120 ||| INVOKING Spit Poison.
  5124 | D:6      | Reached skill level 9 in Ranged Weapons
  5127 | D:6      | 5127 ||| INVOKING Spit Poison.
  5253 | D:6      | 5253 ||| INVOKING Spit Poison.
  5256 | D:6      | 5256 ||| Stepping ~*~*~tactically~*~*~ (outnumbered).
  5259 | D:6      | 5259 ||| INVOKING Spit Poison.
  5262 | D:6      | 5262 ||| INVOKING Spit Poison.
  5267 | D:6      | 5267 ||| INVOKING Spit Poison.
  5271 | D:6      | 5271 ||| INVOKING Spit Poison.
  5278 | D:6      | 5278 ||| INVOKING Spit Poison.
  5392 | D:7      | Reached XP level 9. HP: 31/77 MP: 9/9
  5454 | D:7      | 5454 ||| INVOKING Spit Poison.
  5459 | D:7      | Reached skill level 3 in Dodging
  5459 | D:7      | 5459 ||| FLEEEEING.
  5460 | D:7      | 5460 ||| STAIRDANCE
  5566 | D:7      | 5566 ||| INVOKING Spit Poison.
  5571 | D:7      | 5571 ||| INVOKING Spit Poison.
  5574 | D:7      | 5574 ||| INVOKING Spit Poison.
  5575 | D:7      | 5575 ||| STAIRDANCE
  5578 | D:6      | Reached skill level 6 in Fighting
  5631 | D:7      | 5631 ||| INVOKING Spit Poison.
  5686 | D:7      | Found a glowing golden altar of the Shining One.
  5764 | D:7      | 5764 ||| Stepping ~*~*~tactically~*~*~ (outnumbered).
  5765 | D:7      | 5765 ||| Stepping ~*~*~tactically~*~*~ (outnumbered).
  5766 | D:7      | 5766 ||| INVOKING Spit Poison.
  5772 | D:7      | 5772 ||| INVOKING Spit Poison.
  5780 | D:7      | 5780 ||| INVOKING Spit Poison.
  5917 | D:7      | Reached * piety under Okawaru
  5967 | D:7      | 5967 ||| INVOKING Spit Poison.
  5969 | D:7      | 5969 ||| INVOKING Heroism.
  5972 | D:7      | 5972 ||| INVOKING Spit Poison.
  5979 | D:7      | 5979 ||| DRINKING 6 potions of curing.
  5979 | D:7      | 5979 ||| (to cure confusion)
  5981 | D:7      | 5981 ||| INVOKING Spit Poison.
  5987 | D:7      | 5987 ||| INVOKING Spit Poison.
  6043 | D:7      | 6043 ||| INVOKING Spit Poison.
  6050 | D:7      | 6050 ||| INVOKING Spit Poison.
  6056 | D:7      | 6056 ||| INVOKING Spit Poison.
  6057 | D:7      | 6057 ||| INVOKING Heroism.
  6065 | D:7      | 6065 ||| INVOKING Spit Poison.
  6071 | D:7      | 6071 ||| INVOKING Heroism.
  6072 | D:7      | 6072 ||| INVOKING Spit Poison.
  6337 | D:7      | 6337 ||| INVOKING Spit Poison.
  6344 | D:7      | 6344 ||| INVOKING Spit Poison.
  6348 | D:7      | 6348 ||| INVOKING Spit Poison.
  6350 | D:7      | Reached skill level 10 in Ranged Weapons
  6424 | D:7      | 6424 ||| INVOKING Spit Poison.
  7047 | D:7      | 7047 ||| INVOKING Spit Poison.
  7052 | D:7      | 7052 ||| INVOKING Spit Poison.
  7116 | D:7      | 7116 ||| READING scroll labelled AMOWYPN EHUWK.
  7270 | D:8      | 7270 ||| INVOKING Spit Poison.
  7271 | D:8      | 7271 ||| INVOKING Heroism.
  7277 | D:8      | 7277 ||| INVOKING Spit Poison.
  7285 | D:8      | 7285 ||| STAIRDANCE
  7287 | D:7      | 7287 ||| INVOKING Heroism.
  7288 | D:7      | 7288 ||| INVOKING Spit Poison.
  7292 | D:7      | 7292 ||| INVOKING Spit Poison.
  7294 | D:7      | HP: 18/86 [killer bee (5)]
  7295 | D:7      | HP: 8/86 [poisoned by a killer bee]
  7295 | D:7      | HP: 3/86 [killer bee (2)]
  7298 | D:7      | HP: 1/86 [poisoned by a killer bee]
  7299 | D:7      | Slain by a killer bee

Levels and vault maps discovered:
D:1:      dpeg_arrival_oval, layout_rooms, basic_ecumenical_altar,
          corner_web_ring, hangedman_decor_push, nrook_loot_triangle,
          minmay_misc_feat_hallway
D:2:      minmay_diamond_boxcup, layout_basic, kennysheep_cross_room
D:3:      layout_loops_ring
D:4:      layout_basic, mainiacjoe_overflow_alcove_4
D:5:      layout_loops_ring, serial_shops, shop, serial_aquarium,
          aquarium_bridge_straight [aquarium_subvault_bridge,
          aquarium_subvault_window, aquarium_subvault_bridge,
          aquarium_subvault_wall], aquarium_window_corridor_3,
          aquarium_window_fake, aquarium_window_fake, aquarium_view_2c,
          aquarium_view_2f
D:6:      layout_basic, nicolae_qazlal_style_of_elements,
          minmay_temple_entry_junction, uniq_duvessa, uniq_sigmund
D:7:      layout_layer_cave, mainiacjoe_overflow_catwalk
D:8:      layout_rooms, ebering_ghost_reflecting_pool, lightli_minifort
Temple:   regret_index_temple_generic_petals

Skill      XL: |  1  2  3  4  5  6  7  8  9 |
---------------+----------------------------+-----
Ranged Weapons | 4 5 6 7 9 10 | 10.4
Fighting       | 3 4 5 7 |  7.0
Dodging        | 2 3 |  3.2
Armour         | 2 |  2.2
Stealth        | |  1.5
Invocations    | |  0.7

Action                     |  1- 3 |  4- 6 |  7- 9 || total
---------------------------+-------+-------+-------++-------
   Fire: Shortbow          |    65 |   107 |   316 ||   488
 Invoke: Heroism           |       |       |     5 ||     5
Ability: Spit Poison       |    32 |    41 |    57 ||   130
    Use: Scroll            |     4 |     6 |     7 ||    17
         Potion            |       |     2 |     2 ||     4
 Armour: Leather armour    |     9 |    17 |   117 ||   143
  Dodge: Dodged            |    12 |    37 |   167 ||   216

Table legend:
 A = Non-vault XP
 B = Vault XP
 C = Vault XP percentage of total XP
 D = Non-vault monster count
 E = Vault monster count
 F = Vault count percentage of total count
                 A         B        C        D         E       F
            +---------+---------+-------+---------+---------+-------
      Total |    3896 |     473 |  10.8 |     137 |      11 |   7.4
            +---------+---------+-------+---------+---------+-------
        D:1 |      28 |       0 |   0.0 |      17 |       0 |   0.0
        D:2 |      52 |      26 |  33.3 |      23 |       8 |  25.8
        D:3 |     220 |       0 |   0.0 |      15 |       0 |   0.0
        D:4 |     231 |       0 |   0.0 |      19 |       0 |   0.0
        D:5 |     587 |       0 |   0.0 |      11 |       0 |   0.0
        D:6 |     886 |     447 |  33.5 |      19 |       3 |  13.6
        D:7 |    1643 |       0 |   0.0 |      29 |       0 |   0.0
        D:8 |     249 |       0 |   0.0 |       4 |       0 |   0.0
            +---------+---------+-------+---------+---------+-------
